 Dungeon Crawl Stone Soup version 0.31.0-9-g3a7656b989 (webtiles) character file.

Game seed: 15587861574047159955

515 qw the Shooter (level 7, 0/35 HPs)
             Began as a Spriggan Hunter on Feb 2, 2024.
             Slain by a river rat (1 damage)
             ... on level 5 of the Dungeon.
             The game lasted 00:00:13 (3575 turns).

qw the Shooter (Spriggan Hunter)                    Turns: 3575, Time: 00:00:14

Health: 0/35       AC:  4    Str:  7    XL:     7   Next: 0%
Magic:  8/8        EV: 21    Int: 11    God:
Gold:   193        SH:  0    Dex: 20    Spells: 6/6 levels left

rFire   . . .        a - +2 shortbow
rCold   . . .        (shield currently unavailable)
rNeg    . . .        c - +0 robe
rPois   .            (helmet restricted)
rElec   .            g - +1 cloak
rCorr   .            (gloves unavailable)
SInv    +            (boots unavailable)
Will    ++...        k - amulet of faith
Stlth   +            i - ring of willpower
HPRegen 0.25/turn    (no ring)
MPRegen 0.11/turn

%: faith
@: slow
A: very small, no large weapons, unfitting armour, see invisible, speed 3
a: no special abilities


You were on level 5 of the Dungeon.
You visited 1 branch of the dungeon, and saw 5 of its levels.

You collected 193 gold pieces.


Innate Abilities, Weirdness & Mutations

You are very small and have problems with some larger weapons.
You are too small for most types of armour.
You have supernaturally acute eyesight. (SInv)
You cover ground extremely quickly. (Speed+++)


   Skills:
 - Level 2.0 Fighting
 - Level 7.0 Ranged Weapons
 + Level 6.2 Dodging
 - Level 1.5 Stealth


You had 6 spell levels left.
You didn't know any spells.
Your spell library was empty.

Inventory:

Hand Weapons
 a - a +2 shortbow (weapon)
Armour
 c - a +0 robe (worn)
 g - a +1 cloak (worn)
Jewellery
 i - a ring of willpower (left hand)
 k - an amulet of faith (around neck)
Wands
 b - a wand of polymorph (8)
 f - a wand of mindburst (20)
 h - a wand of charming (9)
Potions
 d - a potion of enlightenment

Dungeon Overview and Level Annotations

Branches:
Dungeon (5/15)
 Temple: D:4-7

Altars:
Yredelemnul
Zin

Portals:
Sewer: D:5


Message History

The adder is heavily wounded.
The adder misses you. The river rat barely misses you.
You shoot an arrow. The arrow closely misses the adder.
The adder misses you. The river rat closely misses you.
The adder barely misses you.
You shoot an arrow. The arrow misses the adder.
The river rat bites you. The adder completely misses you.
You shoot an arrow. The arrow hits the adder.
The adder is almost dead.
The river rat completely misses you. The adder barely misses you.
You shoot an arrow. The arrow hits the adder.
You kill the adder!
The river rat bites you.
You shoot an arrow. The arrow hits the river rat.
The river rat is lightly wounded.
The river rat misses you.
You shoot an arrow. The arrow hits the river rat!
The river rat is almost dead.
The river rat completely misses you. x2
You shoot an arrow. The arrow closely misses the river rat.
You hear the slow rusting of a drain.
The river rat completely misses you. The river rat misses you.
You shoot an arrow. The arrow hits the river rat.
You kill the river rat!
The river rat barely misses you.
You shoot an arrow. The arrow barely misses the river rat.
The arrow hits the adder!
The adder is severely wounded.
The river rat completely misses you.
You shoot an arrow. The arrow barely misses the river rat.
The arrow hits the adder!
You kill the adder!
The river rat closely misses you.
You have reached level 7!
You shoot an arrow. The arrow barely misses the river rat.
The river rat bites you.
You shoot an arrow.
The arrow hits the river rat but does no damage.
The river rat bites you.
You die...

#
#~###
#~r@#
#~#~#
# #~#
#~#
#~#
#~#
#\#
###


You could see a river rat.

Vanquished Creatures
  2 ogres
  A bombardier beetle (D:4)
  An iguana (D:4)
  An orc priest (D:4)
  Ijyb (D:3)
  Terence (D:2)
  7 adders
  A river rat (D:5)
  2 ufetubi (D:5)
  6 dart slugs
  2 ribbon worms (D:3)
  11 orcs
  7 bats
  10 endoplasms
  6 giant cockroaches
  5 goblins
  10 hobgoblins
  4 jackals (D:1)
  3 quokkas
  9 ball pythons
  4 frilled lizards
  7 kobolds
  6 rats
107 creatures vanquished.

Notes
Turn   | Place    | Note
-------+----------+-------------------------------------------
     0 | D:1      | qw the Spriggan Hunter began the quest for the Orb.
     0 | D:1      | Reached XP level 1. HP: 10/10 MP: 2/2
     0 | D:1      | 0 ||| qw: Version: 0.3-a-155-g5e7d8dd
     0 | D:1      | 0 ||| qw: Game counter: 306
     0 | D:1      | 0 ||| qw: Melee chars always use a shield: true
     0 | D:1      | 0 ||| qw: God list: Okawaru
     0 | D:1      | 0 ||| qw: Allow faded altars: false
     0 | D:1      | 0 ||| qw: Do Orc after clearing Dungeon:15 true
     0 | D:1      | 0 ||| qw: Do second Lair branch before Depths: true
     0 | D:1      | 0 ||| qw: Lair rune preference: random
     0 | D:1      | 0 ||| qw: Goals: Normal
     0 | D:1      | 0 ||| PLANNING D:1-11
    49 | D:1      | Reached skill level 3 in Dodging
   106 | D:1      | Reached XP level 2. HP: 14/14 MP: 3/3
   200 | D:1      | 200 ||| RETREEEEATING.
   212 | D:1      | Reached XP level 3. HP: 14/18 MP: 4/4
   811 | D:1      | 811 ||| READING scroll labelled FELUOCKAIQA.
   811 | D:1      | 811 ||| ENCHANTING +0 shortbow.
   812 | D:1      | 812 ||| READING scroll labelled IGICLY KESURAT.
   815 | D:1      | 815 ||| DROPPING scroll of butterflies.
   971 | D:2      | Found a faded altar of an unknown god.
  1060 | D:2      | Reached skill level 5 in Ranged Weapons
  1123 | D:2      | Reached XP level 4. HP: 22/22 MP: 5/5
  1241 | D:2      | Noticed Terence
  1247 | D:2      | 1247 ||| FLEEEEING.
  1248 | D:2      | 1248 ||| FLEEEEING.
  1249 | D:2      | 1249 ||| FLEEEEING.
  1250 | D:2      | 1250 ||| FLEEEEING.
  1251 | D:2      | 1251 ||| FLEEEEING.
  1252 | D:2      | 1252 ||| FLEEEEING.
  1253 | D:2      | 1253 ||| FLEEEEING.
  1254 | D:2      | 1254 ||| FLEEEEING.
  1255 | D:2      | 1255 ||| FLEEEEING.
  1256 | D:2      | 1256 ||| FLEEEEING.
  1257 | D:2      | 1257 ||| FLEEEEING.
  1258 | D:2      | 1258 ||| STAIRDANCE
  1279 | D:1      | 1279 ||| UPGRADING to +0 cloak.
  1284 | D:1      | 1284 ||| DROPPING amulet of magic regeneration.
  1285 | D:1      | 1285 ||| UPGRADING to ring of willpower.
  1286 | D:1      | 1286 ||| READING 2 scrolls labelled VIM OTUSTAE.
  1286 | D:1      | 1286 ||| IDENTIFYING bubbling ruby potion
  1287 | D:1      | 1287 ||| READING scroll of identify.
  1287 | D:1      | 1287 ||| IDENTIFYING puce potion
  1288 | D:1      | 1288 ||| DROPPING potion of attraction.
  1328 | D:2      | Killed Terence
  1725 | D:2      | 1725 ||| READING scroll of identify.
  1725 | D:2      | 1725 ||| IDENTIFYING green potion
  1726 | D:2      | 1726 ||| READING scroll labelled AVVUNOFESU.
  1726 | D:2      | 1726 ||| ENCHANTING +0 shortbow.
  1948 | D:3      | Reached XP level 5. HP: 26/26 MP: 6/6
  2073 | D:3      | Noticed Ijyb
  2076 | D:3      | 2076 ||| DRINKING potion of curing.
  2076 | D:3      | 2076 ||| (to cure confusion)
  2097 | D:3      | Killed Ijyb
  2186 | D:3      | Found a basalt altar of Yredelemnul.
  2274 | D:3      | Found a glowing silver altar of Zin.
  2317 | D:3      | 2317 ||| READING scroll of enchant armour.
  2317 | D:3      | 2317 ||| ENCHANTING +0 cloak.
  2387 | D:3      | 2387 ||| READING scroll of identify.
  2387 | D:3      | 2387 ||| IDENTIFYING black potion
  2388 | D:3      | 2388 ||| READING scroll labelled QIOGICS JEXICS.
  2389 | D:3      | 2389 ||| READING scroll labelled CUBBAMM MOPEUV.
  2437 | D:3      | 2437 ||| DROPPING potion of degeneration.
  2602 | D:4      | Reached skill level 6 in Ranged Weapons
  2621 | D:4      | Noticed an ogre
  2631 | D:4      | Killed an ogre
  2632 | D:4      | Reached skill level 6 in Dodging
  2632 | D:4      | Reached XP level 6. HP: 30/30 MP: 7/7
  3095 | D:4      | 3095 ||| READING scroll of enchant weapon.
  3095 | D:4      | 3095 ||| ENCHANTING +1 shortbow.
  3374 | D:4      | 3374 ||| UPGRADING to amulet of faith.
  3379 | D:4      | 3379 ||| READING 2 scrolls labelled ZOHIONWEVO.
  3380 | D:4      | 3380 ||| READING scroll labelled MIAGUXASTRY.
  3381 | D:4      | 3381 ||| READING scroll labelled JIARGH YVVI.
  3382 | D:4      | 3382 ||| DROPPING scroll of amnesia.
  3384 | D:4      | 3384 ||| Stepping ~*~*~tactically~*~*~ (cloud).
  3394 | D:4      | HP: 7/30 [poisoned by you (poison gas)]
  3510 | D:5      | Entered Level 5 of the Dungeon
  3511 | D:5      | 3511 ||| PLANNING SEWER
  3555 | D:5      | HP: 7/30 [ogre/+0 giant spiked club (19)]
  3556 | D:5      | 3556 ||| READING scroll of teleportation.
  3558 | D:5      | Reached skill level 7 in Ranged Weapons
  3558 | D:5      | Found a glowing drain.
  3567 | D:5      | HP: 3/30 [river rat (6)]
  3574 | D:5      | Reached XP level 7. HP: 5/35 MP: 8/8
  3574 | D:5      | HP: 1/35 [river rat (4)]
  3575 | D:5      | Slain by a river rat

Levels and vault maps discovered:
D:1:      nicolae_arrival_somewhat_less_tricky_arrival, layout_loops_cross,
          minmay_misc_feat_five, hangedman_decor_growths, minmay_tetromino_t2
D:2:      layout_loops_ring, hellmonk_ecumenical_altar_run_dry, serial_forest,
          infiniplex_forest_clump_medium, infiniplex_forest_clump_curved,
          infiniplex_forest_lined_3, infiniplex_forest_lined_corner,
          infiniplex_forest_clump_tiny, infiniplex_forest_corner_1,
          infiniplex_forest_clump_cross, infiniplex_forest_lined_4_way,
          corexii_item_surrounded_by_moat, uniq_terence
D:3:      layout_rooms, mainiacjoe_overflow_catwalk_spiral, minivault_4,
          chequers_jeans, uniq_ijyb
D:4:      layout_loops_corners
D:5:      layout_basic, lemuel_tele_altar, lightli_sewer_entry_pipes,
          serial_shops, shop, gammafunk_ghost_abyssal_escape, uniq_pikel

Skill      XL: |  1  2  3  4  5  6 |
---------------+-------------------+-----
Dodging        | 3 4 5 6 |  6.2
Ranged Weapons | 5 6 7 |  7.0
Fighting       | 2 |  2.0
Stealth        | |  1.5

Action                     |  1- 3 |  4- 6 |  7- 9 || total
---------------------------+-------+-------+-------++-------
   Fire: Shortbow          |   103 |   199 |     2 ||   304
    Use: Scroll            |     2 |    13 |       ||    15
         Potion            |       |     1 |       ||     1
 Armour: Robe              |    10 |    23 |     2 ||    35
  Dodge: Dodged            |    24 |    91 |       ||   115

Table legend:
 A = Non-vault XP
 B = Vault XP
 C = Vault XP percentage of total XP
 D = Non-vault monster count
 E = Vault monster count
 F = Vault count percentage of total count
                 A         B        C        D         E       F
            +---------+---------+-------+---------+---------+-------
      Total |     623 |     114 |  15.5 |     100 |       7 |   6.5
            +---------+---------+-------+---------+---------+-------
        D:1 |      68 |       3 |   4.2 |      35 |       2 |   5.4
        D:2 |      33 |      36 |  52.2 |      13 |       1 |   7.1
        D:3 |      81 |      36 |  30.8 |      27 |       1 |   3.6
        D:4 |     291 |       0 |   0.0 |      20 |       0 |   0.0
        D:5 |     150 |      39 |  20.6 |       5 |       3 |  37.5
            +---------+---------+-------+---------+---------+-------
